 Dungeon Crawl Stone Soup version 0.19-a0-1905-ge8b2aad (webtiles) character file.

20857 Naow the Cleaver (level 12, -1/115 HPs)
             Began as a Minotaur Berserker on Oct 21, 2016.
             Was a High Priest of Trog.
             Slain by a ten-headed hydra (2 damage)
             ... on level 3 of the Lair of Beasts.
             The game lasted 00:24:21 (11169 turns).

Naow the Cleaver (Minotaur Berserker)              Turns: 11169, Time: 00:24:23

Health: -1/115     AC: 15    Str: 25    XL:     12   Next: 49%
Magic:  11/11      EV: 11    Int:  6    God:    Trog [*****.]
Gold:   817        SH: 17    Dex: 14    Spells: 0 memorised, 11 levels left

rFire  . . .     SeeInvis .     h - +6 broad axe (freeze)
rCold  . . .     Gourm    .     U - +0 steam dragon scales
rNeg   . . .     Faith    .     x - +0 large shield
rPois  .         Spirit   .     s - +2 hat
rElec  .         Reflect  .     g - +0 cloak
rCorr  .         Harm     .     a - +2 pair of gloves
MR     ++...                    (no boots)
Stlth  +.........               (no amulet)
                                d - +2 ring of evasion
                                y - +4 ring of dexterity

@: lethally poisoned (-1 -> -2), exhausted, regenerating, slowed, very slow
A: retaliatory headbutt, horns 2
a: Berserk, Trog's Hand, Brothers in Arms, Burn Spellbooks, Renounce Religion


You were on level 3 of the Lair of Beasts.
You worshipped Trog.
Trog was extremely pleased with you.
You were near starving.

You visited 2 branches of the dungeon, and saw 14 of its levels.
You also visited: Ossuary.

You collected 817 gold pieces.

Inventory:

Hand Weapons
 b - a +4 antimagic war axe
 h - a +6 broad axe of freezing (weapon)
 Y - a +0 battleaxe
Armour
 a - a +2 pair of gloves (worn)
 g - a +0 cloak (worn)
 s - a +2 hat (worn)
 x - a +0 large shield (worn)
 U - +0 steam dragon scales (worn)
Jewellery
 d - a +2 ring of evasion (right hand)
 u - the ring of Dyidotega {Wiz rPois, unknown}
   (You found it on level 1 of the Lair of Beasts)

   [ring of wizardry]

   It improves your spell success rate.
   It protects you from poison.
 y - a +4 ring of dexterity (left hand)
 E - an uncursed ring of ice
Wands
 e - a wand of digging (21/24)
 f - a wand of teleportation (9/9)
 k - a wand of iceblast (4/15)
 F - a wand of flame (29/48)
 K - a wand of disintegration (9/24)
 X - a wand of iceblast (10/15)
Scrolls
 l - 3 scrolls of identify
 n - 9 scrolls of remove curse
 q - 2 scrolls of vulnerability
 w - 3 scrolls of enchant armour
 G - a scroll of fog
 H - a scroll of magic mapping {unknown}
 I - 2 scrolls of teleportation
 Q - a scroll of acquirement {unknown}
 S - a scroll of recharging
 V - a scroll of amnesia {unknown}
Potions
 m - 3 potions of brilliance
 o - 2 potions of agility
 p - 2 potions of heal wounds
 v - 7 potions of curing
 B - 5 potions of flight
 D - 2 potions of might
 J - 2 potions of degeneration
 L - a potion of mutation
 M - a potion of resistance
 N - a potion of ambrosia
 O - a potion of haste
 P - a potion of magic
 R - 3 potions of lignification
 T - a potion of berserk rage
 Z - a potion of cancellation
Books
 t - a book of Cantrips

   Spells                             Type                      Level
   a - Confusing Touch                Hexes                        1
   b - Animate Skeleton               Necromancy                   1
   c - Summon Small Mammal            Summoning                    1
   d - Apportation                    Translocation                1
   Trog disapproves of the use of such an item.
Comestibles
 c - 8 bread rations
 i - 7 slices of pizza
 j - 2 meat rations
 r - 14 chunks of flesh
 z - 8 beef jerkies
 A - 12 fruits
 W - a royal jelly


   Skills:
 + Level 13.2 Fighting
 * Level 14.9 Axes
 + Level 12.8 Armour
 - Level 2.1 Dodging
 + Level 7.6 Shields


You had 11 spell levels left.
You didn't know any spells.

Dungeon Overview and Level Annotations

Branches:
Dungeon (11/15)            Temple (0/1) D:6            Lair (3/6) D:9
 Spider (0/4) Lair:2          Orc (0/2) D:10
  Swamp: Lair:2-4    Shoals: Lair:2-4

Altars:
Cheibriados
Dithmenos
Gozag
Makhleb
Trog
Xom
Yredelemnul
Zin

Shops:
D:6 [   D:7 %[

Annotations:
D:4 Narqulie's ghost, amateur MiFi
Lair:3 Prince Ribbit


Innate Abilities, Weirdness & Mutations

You reflexively headbutt those who attack you in melee.
You have a pair of horns on your head.


Message History

Your skin crawls.
You feel resistant to hostile enchantments.
You are near starving!
You feel sick. You block the killer bee's attack.
The killer bee stings you but does no damage.
The siren chants a haunting song.
You resist with almost no effort. You block the killer bee's attack.
The queen bee calls on the killer bee to defend it!
The killer bee goes berserk!
The ten-headed hydra bites you but does no damage. x3
You block the ten-headed hydra's attack. x2
The ten-headed hydra bites you.
* * * LOW HITPOINT WARNING * * *
The ten-headed hydra bites you but does no damage.
The ten-headed hydra bites you!
* * * LOW HITPOINT WARNING * * *
The ten-headed hydra bites you.
* * * LOW HITPOINT WARNING * * *
The ten-headed hydra bites you.
You die...

.........
.........
.........
#.......
#.....# #....#
#....##
#####@...P#
#...yD†..##
#...yym......
#....y.......
#........#....
##........##..
#.........# .
#.........#
####.#......


You could see a ten-headed hydra, a siren, a queen bee and 3 killer bees.

Vanquished Creatures
  Josephine (D:10)
  4 hydras
  An unseen horror (D:10)
  Pikel (D:6)
  A hill giant (D:11)
  An orb spider (Lair:2)
  A cyclops (D:11)
  2 ugly things (D:11)
  A spiny frog (Lair:2)
  Grinder (D:4)
  2 blink frogs (Lair:3)
  A hippogriff (Lair:2)
  Sigmund (D:3)
  A wraith (D:10)
  A human (D:7)
  21 yaks
  Eustachio (D:4)
  2 basilisks
  2 hungry ghosts (D:10)
  A steam dragon (D:7)
  4 hogs (D:7)
  Menkaure (D:5)
  2 wargs (D:9)
  10 water moccasins
  2 porcupines
  An orc warrior (D:9)
  A sky beast (D:5)
  2 slaves (D:6)
  4 ice beasts
  A necrophage (D:6)
  6 centaurs
  5 wolves (Lair:2)
  5 ogres
  A crocodile (D:11)
  5 big kobolds
  9 bullfrogs
  Blork the orc (D:6)
  A water moccasin skeleton (D:5)
  A wyvern skeleton (D:8)
  3 scorpions
  27 killer bees
  A troll zombie (D:10)
  A wight (D:10)
  An electric eel (Lair:2)
  7 crimson imps
  3 centaur zombies
  3 bullfrog zombies
  2 human zombies (Ossuary)
  A jelly (D:7)
  2 quasits
  5 orc priests
  2 bullfrog skeletons
  Crazy Yiuf (D:3)
  5 hounds
  2 centaur skeletons
  2 iguanas
  6 orc wizards
  Jessica (D:3)
  Natasha (thrice) (D:3)
  11 worker ants
  A killer bee zombie (D:7)
  7 ogre zombies (D:10)
  3 mummies (Ossuary)
  A howler monkey zombie (D:7)
  2 worker ant zombies
  12 adders
  A gnoll (D:5)
  A howler monkey skeleton (D:5)
  3 shadow imps
  An ooze (D:4)
  4 adder skeletons
  2 worms
  A dart slug (D:5)
  6 leopard geckos
  19 orcs
  6 giant cockroaches
  A gnoll zombie (Ossuary)
  9 goblins
  7 hobgoblins
  8 jackals
  20 kobolds
  5 quokkas
  2 ball pythons
  10 bats
  A frilled lizard (D:2)
  2 goblin skeletons (D:10)
  A goblin zombie (Ossuary)
  6 hobgoblin skeletons
  3 hobgoblin zombies
  A jackal skeleton (D:4)
  A leopard gecko zombie (D:7)
  4 orc skeletons (D:10)
  12 orc zombies
  9 rats
  A plant (Lair:2)
371 creatures vanquished.

Vanquished Creatures (collateral kills)
  A troll (D:10)
  3 wraiths (D:10)
  4 wights (D:10)
8 creatures vanquished.

Vanquished Creatures (others)
  A fungus (Lair:2)
1 creature vanquished.

Grand Total: 380 creatures vanquished

Notes
Turn   | Place    | Note
-------+----------+-------------------------------------------
     0 | D:1      | Naow the Minotaur Berserker began the quest for the Orb.
     0 | D:1      | Reached XP level 1. HP: 19/19 MP: 0/0
   144 | D:1      | Reached skill level 4 in Axes
   195 | D:1      | Reached XP level 2. HP: 27/27 MP: 1/1
   598 | D:2      | Found a bloodstained altar of Trog.
   615 | D:2      | Reached XP level 3. HP: 33/33 MP: 2/2
   672 | D:2      | Reached ** piety under Trog
   965 | D:2      | Reached XP level 4. HP: 41/41 MP: 3/3
  1114 | D:3      | Noticed Jessica
  1124 | D:3      | Killed Jessica
  1124 | D:3      | Reached skill level 5 in Fighting
  1314 | D:3      | Noticed a bullfrog
  1318 | D:3      | Killed a bullfrog
  1318 | D:3      | Reached skill level 5 in Axes
  1318 | D:3      | Reached XP level 5. HP: 46/48 MP: 4/4
  1333 | D:3      | Noticed Sigmund
  1341 | D:3      | Killed Sigmund
  1341 | D:3      | Reached XP level 6. HP: 57/57 MP: 5/5
  1481 | D:3      | Reached skill level 5 in Armour
  1658 | D:3      | Found a runed door.
  1692 | D:3      | Noticed Natasha
  1697 | D:3      | Killed Natasha
  1798 | D:3      | Noticed Natasha
  1801 | D:3      | Killed Natasha
  1801 | D:3      | Reached skill level 6 in Axes
  1806 | D:3      | Noticed Natasha
  1813 | D:3      | Killed Natasha
  1915 | D:3      | Noticed Crazy Yiuf
  1918 | D:3      | Killed Crazy Yiuf
  2151 | D:4      | Noticed Grinder
  2154 | D:4      | Paralysed by Grinder for 6 turns
  2168 | D:4      | Paralysed by Grinder for 2 turns
  2192 | D:4      | Paralysed by Grinder for 3 turns
  2369 | D:4      | Paralysed by Grinder for 6 turns
  2383 | D:4      | Killed Grinder
  2383 | D:4      | Reached XP level 7. HP: 32/64 MP: 6/6
  2401 | D:4      | Noticed Narqulie's ghost (amateur MiFi)
  2629 | D:4      | Noticed Eustachio
  2650 | D:4      | Killed Eustachio
  2650 | D:4      | Reached skill level 7 in Axes
  2918 | D:5      | Entered Level 5 of the Dungeon
  2918 | D:5      | Found a shadowy altar of Dithmenos.
  2918 | D:5      | Found a burning altar of Makhleb.
  2957 | D:5      | Reached *** piety under Trog
  3002 | D:5      | Reached XP level 8. HP: 45/73 MP: 7/7
  3040 | D:5      | Found a shadowy altar of Dithmenos.
  3079 | D:5      | Noticed Menkaure
  3097 | D:5      | Killed Menkaure
  3097 | D:5      | Reached skill level 8 in Axes
  3480 | D:5      | Found a shimmering altar of Xom.
  3487 | D:5      | Reached XP level 9. HP: 79/83 MP: 8/8
  3627 | D:5      | Found an opulent altar of Gozag.
  3627 | D:5      | Found a glowing silver altar of Zin.
  3893 | D:6      | Reached skill level 9 in Axes
  4094 | D:6      | Found a staircase to the Ecumenical Temple.
  4243 | D:6      | Found Magg's Armour Boutique.
  4297 | D:6      | Noticed Pikel
  4317 | D:6      | Killed Pikel
  4524 | D:6      | Noticed Blork the orc
  4530 | D:6      | Killed Blork the orc
  4530 | D:6      | Reached skill level 10 in Fighting
  4648 | D:7      | Found Ommaege's Antique Armour Shoppe.
  4685 | D:7      | Found Jiudile's Food Boutique.
  4734 | D:7      | Reached **** piety under Trog
  4840 | D:7      | Reached skill level 10 in Axes
  4967 | D:7      | Found a sand-covered staircase.
  5033 | Ossuary  | Entered an ossuary
  5457 | D:7      | Reached skill level 10 in Armour
  5595 | D:7      | Reached XP level 10. HP: 88/93 MP: 9/9
  6012 | D:8      | Reached skill level 11 in Axes
  6167 | D:8      | Reached skill level 1 in Shields
  6171 | D:8      | Reached ***** piety under Trog
  6576 | D:9      | Found a staircase to the Lair.
  6753 | D:9      | Received a gift from Trog
  6805 | D:9      | Reached skill level 12 in Axes
  7049 | D:9      | Found a snail-covered altar of Cheibriados.
  7049 | D:9      | Found a faded altar of an unknown god.
  7054 | D:9      | Found a basalt altar of Yredelemnul.
  7056 | D:9      | Found a faded altar of an unknown god.
  7059 | D:9      | Found a faded altar of an unknown god.
  7256 | D:10     | Entered Level 10 of the Dungeon
  7259 | D:10     | Reached XP level 11. HP: 103/103 MP: 10/10
  7474 | D:10     | Found a shimmering altar of Xom.
  7474 | D:10     | Found a shimmering altar of Xom.
  7474 | D:10     | Found a shimmering altar of Xom.
  7474 | D:10     | Found a shimmering altar of Xom.
  7474 | D:10     | Found a shimmering altar of Xom.
  7474 | D:10     | Noticed Josephine
  7479 | D:10     | Killed Josephine
  7510 | D:10     | Found a shimmering altar of Xom.
  7514 | D:10     | Found a shimmering altar of Xom.
  7839 | D:10     | Found a staircase to the Orcish Mines.
  7879 | D:10     | HP: 5/103 [something (7)]
  8137 | D:10     | Killed an unseen horror
  8183 | D:10     | Reached skill level 5 in Shields
  8186 | D:10     | Reached skill level 13 in Axes
  8189 | D:10     | Received a gift from Trog
  8299 | D:11     | Noticed a four-headed hydra
  8309 | D:11     | Killed a nine-headed hydra
  8890 | D:11     | Noticed a seven-headed hydra
  8896 | D:11     | Killed a ten-headed hydra
  8996 | D:11     | Noticed a green ugly thing
  9006 | D:11     | Killed a green ugly thing
  9176 | D:11     | Noticed a hill giant
  9183 | D:11     | Killed a hill giant
  9452 | D:11     | Noticed a four-headed hydra
  9458 | D:11     | Killed a six-headed hydra
  9561 | D:11     | Noticed a white ugly thing
  9568 | D:11     | Killed a white ugly thing
  9846 | Lair:1   | Entered Level 1 of the Lair of Beasts
  9944 | Lair:1   | Reached skill level 14 in Axes
  9947 | Lair:1   | Reached XP level 12. HP: 86/113 MP: 11/11
 10070 | Lair:1   | Got a flickering wooden ring
 10214 | Lair:1   | You fall through a shaft!
 10373 | Lair:2   | Found a hole to the Spider Nest.
 10452 | Lair:2   | Noticed a seven-headed hydra
 10460 | Lair:2   | Killed an 11-headed hydra
 11144 | Lair:3   | Noticed Prince Ribbit
 11157 | Lair:3   | Noticed an eight-headed hydra
 11169 | Lair:3   | HP: 5/115 [ten-headed hydra (9)]
 11169 | Lair:3   | HP: 1/115 [ten-headed hydra (4)]
 11169 | Lair:3   | Slain by a ten-headed hydra

Vault maps used:
D:1:      scummos_arrival_forest
D:2:      lemuel_doored_altar
D:3:      uniq_natasha, uniq_jessica, uniq_sigmund, uniq_crazy_yiuf_cottage
D:4:      minmay_misc_feat_room, uniq_grinder, uniq_eustachio
D:5:      kennysheep_windowed_halls, grunt_temple_overflow_gold_and_silver,
          lemuel_coloured_pillars_altar, bloody_makhleb, serial_bayou,
          serial_bayou_pond_a, serial_bayou_pond_c, serial_bayou_ford_a,
          serial_bayou_crossing, first_bread, basic_altar,
          grunt_dithmenos_smoke, uniq_menkaure
D:6:      serial_shops, shop, uniq_pikel, uniq_blork_the_orc
D:7:      serial_shops, nicolae_shop_waterfront, shop_fountains,
          nicolae_ossuary_entry_plus, grunt_livestock
D:9:      chequers_temple_overflow_minitemple, erik_lair_orcish_takeover
D:10:     zombieorc2_lemuel, minivault_19, hangedman_abyss_or_decor_clamps,
          nicolae_xom_altar_mimics, uniq_josephine
D:11:     st_stairs_8
Lair:2:   nicolae_spider_entry_orb_guardian, cheibrodos_lair_caveside_slide,
          nicolae_lair_grove_arrangements, lemuel_fruit_tree,
          serial_bayou_shore_a
Lair:3:   elwin_shoals_entry_stream, special_room, uniq_urug,
          uniq_prince_ribbit2
Ossuary:  ossuary_crypta

Skill      XL: |  1  2  3  4  5  6  7  8  9 10 11 12 |
---------------+-------------------------------------+-----
Axes           | 4 5 6 7 8 10 12 14 | 14.9
Fighting       | 4 5 6 7 9 10 11 12 13 | 13.2
Armour         | 3 4 6 8 10 11 12 | 12.8
Shields        | 3 6 7 |  7.6
Dodging        | |  2.1

Action                   |  1- 3 |  4- 6 |  7- 9 | 10-12 || total
-------------------------+-------+-------+-------+-------++-------
Melee: Hand axe          |    78 |    94 |   399 |   162 ||   733
       Headbutt          |    10 |    18 |    81 |    94 ||   203
       Battleaxe         |       |       |       |   138 ||   138
       Broad axe         |       |       |       |   180 ||   180
Invok: Berserk           |       |     3 |     8 |    12 ||    23
       Trog's Hand       |       |       |     3 |     3 ||     6
       Burn Spellbooks   |       |       |       |     1 ||     1
       Brothers in Arms  |       |       |       |     1 ||     1
  Use: Scroll            |       |       |       |    21 ||    21
       Potion            |       |       |       |     3 ||     3
 Stab: Sleeping          |       |       |       |     2 ||     2
  Eat: Chunk             |       |     7 |    16 |    22 ||    45
       Royal jelly       |       |       |     2 |       ||     2
       Bread ration      |       |       |       |     2 ||     2
       Fruit             |       |       |       |     1 ||     1
       Pizza             |       |       |       |     1 ||     1
Armor: Animal skin       |     9 |       |       |       ||     9
       Ring mail         |    16 |    33 |   130 |       ||   179
       Steam dragon scal |       |       |     3 |   206 ||   209
Dodge: Dodged            |    68 |    53 |    65 |   219 ||   405
Block: Large shield      |       |     6 |   221 |   229 ||   456
